 Dungeon Crawl Stone Soup version 0.29.1-4-g47bece8355 (webtiles) character file.

Game seed: 5811019249550182794

168132 iamoutofideas the Executioner (level 17, -17/172 HPs)
             Began as a Hill Orc Berserker on Dec 6, 2022.
             Was the Champion of Trog.
             Demolished by a broodmother (39 damage)
             ... on level 1 of the Spider Nest on Dec 7, 2022.
             The game lasted 01:06:39 (37472 turns).

iamoutofideas the Executioner (Hill Orc Berserker) Turns: 37472, Time: 01:06:41

Health: -17/172    AC: 29    Str: 38    XL:     17   Next: 94%
Magic:  16/17      EV: 12    Int:  7    God:    Trog [******]
Gold:   1193       SH:  8    Dex: 15    Spells: 16/16 levels left

rFire   + . .      SeeInvis +   B - +2 broad axe (elec)
rCold   + + .      Faith    +   y - +0 buckler
rNeg    . . .      Spirit   .   h - +3 plate armour
rPois   .          Reflect  .   K - +2 helmet {SInv}
rElec   .          Harm     .   Y - scarf {rC+ rF+}
rCorr   +          Rampage  ∞   j - +1 pair of gloves {Dex+3}
Will    ++...                   a - +3 pair of seven-league boots {Rampage+∞}
Stlth   ..........              E - amulet of faith
HPRegen 0.38/turn               o - ring of Atheh {+Blink Will+ rCorr Str+6 Slay+3, Atheh}
MPRegen 0.15/turn               e - ring "Wyng" {rC+ Str+4 Dex+2}

@: lethally poisoned (-17 -> -43), on blink cooldown, studying Ice Magic
A: no striking features
a: Renounce Religion, Evoke Blink, Berserk, Trog's Hand, Brothers in Arms


You were on level 1 of the Spider Nest.
You worshipped Trog.
Trog was exalted by your worship.
You visited 4 branches of the dungeon, and saw 24 of its levels.
You also visited: Ossuary, Gauntlet and Ice Cave.

You collected 3581 gold pieces.
You spent 2388 gold pieces at shops.

Inventory:

Hand Weapons
 d - a +3 war axe of flaming
 B - a +2 broad axe of electrocution (weapon)
Missiles
 g - 7 curare-tipped darts (quivered)
 r - 12 atropa-tipped darts
 C - 5 datura-tipped darts
 P - 8 throwing nets
Armour
 a - the +3 pair of seven-league boots (worn) {Rampage+∞}
   (You bought it in a shop on level 2 of the Orcish Mines)

   Its wearer moves as far as possible in that direction when moving towards
   enemies.
 h - a +3 plate armour (worn)
 j - a +1 pair of gloves of dexterity (worn)
 y - a +0 buckler (worn)
 K - a +2 helmet of see invisible (worn)
 O - a +1 plate armour of cold resistance
 U - the +4 kite shield "Jejoiq" {+Blink rPois Int+3}
   (You bought it in a shop on level 9 of the Dungeon)

   Int:       It affects your intelligence (+3).
   rPois:     It protects you from poison.
   +Blink:    It lets you blink.
 Y - a scarf of resistance (worn)
Jewellery
 e - the ring "Wyng" (right hand) {rC+ Str+4 Dex+2}
   (You took it off a minotaur in a Gauntlet)

   [ring of protection from cold]

   Str:       It affects your strength (+4).
   Dex:       It affects your dexterity (+2).
   rC:        It protects you from cold.
 n - an amulet of reflection
 o - the ring of Atheh (left hand) {+Blink Will+ rCorr Str+6 Slay+3, Atheh}
   (You found it in a Gauntlet)

   [ring of strength]

   Str:       It affects your strength (+6).
   Slay:      It affects your accuracy & damage with ranged weapons and melee
   (+3).
   +Blink:    It lets you blink.
   rCorr:     It protects you from acid and corrosion.
   Will:      It increases your willpower.
 E - an amulet of faith (around neck)
 G - the ring "Vanuizae" {rPois rF++ Will+ rCorr Str-4}
   (You took it off an orc on level 6 of the Dungeon)

   [ring of willpower]

   Str:       It affects your strength (-4).
   rF:        It greatly protects you from fire.
   rPois:     It protects you from poison.
   rCorr:     It protects you from acid and corrosion.
   Will:      It increases your willpower.
 Z - a ring of positive energy
Wands
 p - a wand of digging (11)
 t - a wand of quicksilver (24)
 z - a wand of charming (13)
 F - a wand of polymorph (8)
 M - a wand of mindburst (25)
 X - a wand of roots (15)
Scrolls
 c - a scroll of blinking
 s - 6 scrolls of identify
 u - 4 scrolls of immolation
 D - a scroll of poison
 I - a scroll of summoning
 L - a scroll of enchant weapon
 Q - 2 scrolls of fear
 T - 13 scrolls of teleportation
 W - a scroll of magic mapping
Potions
 f - 9 potions of attraction
 k - 4 potions of mutation
 l - 4 potions of cancellation
 m - a potion of berserk rage
 q - 2 potions of invisibility
 v - 14 potions of curing
 w - a potion of might
 x - 3 potions of haste
 A - 4 potions of flight
 H - 7 potions of ambrosia
 J - 8 potions of resistance
 N - 8 potions of lignification
 R - 2 potions of magic
Miscellaneous
 S - a piece from Xom's chessboard (10/15)


   Skills:
 - Level 20.6 Fighting
 - Level 22.7 Axes
 - Level 0.4 Throwing
 - Level 13.1 Armour
 - Level 7.4 Dodging
 + Level 14.4 Shields
 - Level 6.0 Evocations


You had 16 spell levels left.
You didn't know any spells.
Your spell library contained the following spells:

 Spells                   Type           Power      Damage    Failure   Level
 Apportation              Tloc           0%         N/A       92%         1
 Beastly Appendage        Tmut           0%         N/A       92%         1
 Necrotise                Necr           0%         1d4       92%         1
 Sandblast                Erth           0%         2d4       92%         1
 Slow                     Hex            0%         N/A       92%         1
 Summon Small Mammal      Summ           0%         N/A       92%         1
 Passwall                 Tmut/Erth      0%         N/A       98%         2
 Static Discharge         Conj/Air       0%         3-3/arc   98%         2
 Sublimation of Blood     Necr           0%         N/A       98%         2
 Wereblood                Tmut           0%         N/A       98%         2
 Confusing Touch          Hex            0%         N/A       100%        3
 Conjure Flame            Conj/Fire      0%         6-21      100%        3
 Ignite Poison            Fire/Tmut/Pois 0%         N/A       100%        3
 Ozocubu's Armour         Ice            0%         N/A       100%        3
 Portal Projectile        Hex/Tloc       0%         N/A       100%        3
 Spider Form              Tmut/Pois      0%         N/A       100%        3
 Stone Arrow              Conj/Erth      0%         3d7       100%        3
 Tukima's Dance           Hex            0%         N/A       100%        3
 Vampiric Draining        Necr           0%         2d6       100%        3
 Hailstorm                Conj/Ice       0%         3d3       100%        4
 Ice Form                 Ice/Tmut       0%         N/A       100%        4
 Petrify                  Tmut/Erth      0%         N/A       100%        4
 Sticky Flame             Conj/Fire      0%         2d3       100%        4
 Agony                    Necr           0%         N/A       100%        5
 Blade Hands              Tmut           0%         N/A       100%        5
 Irradiate                Conj/Tmut      0%         3d11      100%        5
 Lightning Bolt           Conj/Air       0%         1d11      100%        5
 Metabolic Englaciation   Hex/Ice        0%         N/A       100%        5
 Simulacrum               Ice/Necr       0%         N/A       100%        6
 Summon Hydra             Summ           0%         N/A       100%        7
 Maxwell's Capacitive Co  Air            0%         ∞         100%        8


Dungeon Overview and Level Annotations

Branches:
Dungeon (15/15)            Temple (0/1) D:6            Lair (5/5) D:9
 Shoals (0/4) Lair:3       Spider (2/4) Lair:2        Slime (0/5) Lair:5
    Orc (2/2) D:9             Elf (0/3) Orc:2        Vaults (0/5) D:14
 Depths (0/4) D:15        Ossuary (visited)           IceCv (visited)
Gauntlet (visited)

Altars:
Ashenzari
Makhleb
Qazlal
Xom
Yredelemnul
Jiyva

Shops:
D:9 ([   Orc:2 ([*=

Annotations:
Spider:2 Asterion


Message History

You hit the broodmother. The broodmother bites you!!
A spider bursts forth from the wound!
The tarantella touches you but does no damage.
You block the redback's attack. The broodmother bites you!!
The tarantella touches you but does no damage.
You are too injured to fight recklessly!
Unknown command.
You are too injured to fight recklessly!
Unknown command.
Okay, then.
Okay, then.
You blink.
The redback bites you!
You are poisoned.
The redback poisons you! The tarantella touches you! The redback bites you.
The jumping spider leaps!
The tarantella touches you but does no damage.
The redback closely misses you.
Unknown command.
You feel much better.
You feel extremely sick. The broodmother bites you!!
The tarantella closely misses you. The redback closely misses you.
You block the broodmother's attack. The tarantella touches you!
* * * LOW HITPOINT WARNING * * *
The redback bites you!!
* * * LOW HITPOINT WARNING * * *
The jumping spider leaps!
Unknown command.
Okay, then.
Okay, then.
You don't know any spells.
Okay, then.
Okay, then.
Your deep troll goes berserk!
* * * LOW HITPOINT WARNING * * *
You feel extremely sick. The tarantella touches you.
* * * LOW HITPOINT WARNING * * *
The broodmother bites you!!!
You die...

###....#...#.#..^^#
#...#^.......^...## #
#...#............# ##
#....##....##..### .##
##....^)...<##^.# ..#
#....^○......#..#### .##
###...°>.##...#..#.### .#
###..ss.#.####.....# ##
##..s@.####...#...# #
#.....[#.##......### #
###....T.#.....>...## #
#.........#.......## #
###..........#.....#
######.##.#.......#....##
#..##..#####.......##...# ###
#...#...####......##.^..#
#.#######..##..##.##..^..##....##


You could see a broodmother (berserk), a tarantella (berserk), a redback
(berserk, ally target) and a friendly deep troll (summoned, berserk).

Vanquished Creatures
  A sphinx (D:14)
  Kirke (Lair:3)
  Gastronok (Lair:3)
  4 emperor scorpions (Spider:1)
  An orc warlord (Orc:1)
  A ghost moth (Spider:1)
  An entropy weaver (Spider:1)
  A minotaur (Gauntlet)
  2 dire elephants (Lair:5)
  2 blizzard demons (IceCv)
  2 fire dragons
  The ghost of TheSexyCheese the Cleaver, a journeyman HOFi (Lair:2)
  Fannar (Lair:3)
  4 vault guards (D:14)
  4 boulder beetles
  6 hydras
  Erolcha (D:11)
  2 caustic shrike simulacra (IceCv)
  An ogre mage (D:15)
  2 ice dragons
  4 centaur warriors
  A radroach (Spider:1)
  8 two-headed ogres
  5 tengu warriors
  7 death yaks (Lair:5)
  A deep troll earth mage (D:13)
  A hell hog (Gauntlet)
  2 orc high priests
  Urug (D:10)
  Sonja (D:13)
  3 pharaoh ants
  A spectral anaconda (Lair:5)
  5 steelbarb worms (Spider:1)
  2 spectral death yaks (Lair:5)
  A flayed ghost (D:14)
  6 spriggan simulacra (IceCv)
  A wizard (D:14)
  2 obsidian statues
  A bog body (IceCv)
  4 deep elf pyromancers
  4 necromancers
  7 orc knights
  19 ugly things
  9 cyclopes
  8 wolf spiders
  5 orc sorcerers (Orc:2)
  4 manticores
  4 moths of wrath
  16 elephants
  3 ice statues
  2 gargoyles
  3 torpor snails
  3 rime drakes
  A yaktaur (D:14)
  18 cane toads
  4 freezing wraiths
  2 dire elephant skeletons (Lair:5)
  2 efreet (D:13)
  8 demonic crawlers
  An unseen horror (D:12)
  2 anaconda simulacra (IceCv)
  8 komodo dragons
  A golden dragon simulacrum (IceCv)
  8 ice devils (IceCv)
  7 meliai
  7 trolls
  2 queen bees
  15 tarantellas
  24 hornets
  6 polar bears
  16 dream sheep
  19 slime creatures
  4 blink frogs
  A spectral elephant (Lair:5)
  5 jumping spiders (Spider:1)
  Sigmund (D:2)
  A centaur simulacrum (D:14)
  11 flying skulls (Gauntlet)
  A culicivora (shapeshifter) (D:14)
  2 shadows
  4 wraiths
  A yak (shapeshifter) (D:14)
  38 yaks
  8 culicivoras
  3 fire bats (Gauntlet)
  A spriggan (shapeshifter) (D:14)
  6 wyverns
  19 humans (D:14)
  7 basilisks
  Eustachio (D:6)
  A dire elephant simulacrum (IceCv)
  4 steam dragons
  2 vampires (D:13)
  4 vampire mosquitoes
  11 minotaur simulacra (IceCv)
  21 redbacks
  5 wargs
  Menkaure (D:7)
  4 acid dragons
  2 harpy simulacra (IceCv)
  3 spectral cane toads (Lair:5)
  9 water moccasins
  3 hell hounds (Gauntlet)
  6 ice beasts (Lair:4)
  An elephant zombie (Lair:5)
  28 orc warriors
  3 black bears
  3 sky beasts
  2 alligator simulacra (IceCv)
  2 ettin simulacra (IceCv)
  10 wolves
  8 ogres
  An elephant skeleton (Lair:5)
  18 centaurs
  3 phantoms
  3 kobold brigands
  13 bullfrogs
  2 gnoll sergeants (D:6)
  3 water moccasin zombies (Ossuary)
  A wyvern zombie (Ossuary)
  5 scorpions
  A necrophage (D:6)
  10 deep troll simulacra (IceCv)
  5 wights (D:8)
  2 lindwurm simulacra (IceCv)
  3 elephant simulacra (Lair:5)
  35 killer bees
  9 howler monkeys
  5 bullfrog zombies (Ossuary)
  A centaur zombie (Ossuary)
  5 hounds
  Crazy Yiuf (D:4)
  10 orc priests
  3 gnoll boudas
  2 jellies
  5 iguanas
  17 orc wizards
  Terence (D:3)
  A killer bee zombie (Ossuary)
  13 mummies (Ossuary)
  3 howler monkey zombies (Ossuary)
  14 gnolls
  12 adders
  3 white imps
  8 worms
  A dart slug (D:2)
  41 orcs
  8 ball pythons
  4 endoplasms
  4 giant cockroaches
  6 hobgoblins
  3 jackals (D:1)
  2 quokkas
  5 bats
  3 frilled lizards
  6 goblins
  19 kobolds
  6 rats
  A spectral orc (D:5)
908 creatures vanquished.

Vanquished Creatures (collateral kills)
  2 dire elephants (Lair:5)
  A hydra (D:14)
  A boulder beetle (D:14)
  A deep elf knight (D:14)
  A steelbarb worm (Lair:2)
  A necromancer (Lair:5)
  Joseph (D:8)
  A tarantella (Spider:1)
  3 dream sheep (Lair:3)
  A hog (shapeshifter) (D:14)
  A centaur (Lair:3)
14 creatures vanquished.

Vanquished Creatures (others)
  A human (Lair:3)
  An orc (Orc:2)
  A butterfly (Lair:3)
  4 demonic plants (Gauntlet)
  49 fungi
  64 plants
  31 withered plants
151 creatures vanquished.

Grand Total: 1073 creatures vanquished

Notes
Turn   | Place    | Note
-------+----------+-------------------------------------------
     0 | D:1      | iamoutofideas the Hill Orc Berserker began the quest for
                  | the Orb.
     0 | D:1      | Reached XP level 1. HP: 19/19 MP: 1/1
   303 | D:1      | Reached XP level 2. HP: 27/27 MP: 2/2
  1078 | D:2      | Noticed Sigmund
  1090 | D:2      | Killed Sigmund
  1091 | D:2      | Reached skill level 7 in Axes
  1091 | D:2      | Reached XP level 3. HP: 33/33 MP: 3/3
  1091 | D:2      | Reached XP level 4. HP: 40/40 MP: 4/4
  1091 | D:2      | Reached XP level 5. HP: 46/46 MP: 5/5
  1217 | D:2      | Found a faded altar of an unknown god.
  1252 | D:2      | Reached skill level 8 in Axes
  1360 | D:2      | Reached XP level 6. HP: 52/52 MP: 6/6
  1685 | D:2      | Reached ** piety under Trog
  2176 | D:3      | Found a burning altar of Makhleb.
  2176 | D:3      | Found a stormy altar of Qazlal.
  2377 | D:3      | Noticed Terence
  2384 | D:3      | Killed Terence
  2673 | D:4      | Found a runed translucent door.
  2674 | D:4      | Noticed Crazy Yiuf
  2717 | D:4      | Reached skill level 9 in Axes
  3166 | D:4      | Reached XP level 7. HP: 58/58 MP: 7/7
  3581 | D:4      | Reached skill level 10 in Axes
  3954 | D:4      | Killed Crazy Yiuf
  4012 | D:5      | Entered Level 5 of the Dungeon
  4149 | D:5      | Reached skill level 11 in Axes
  4727 | D:5      | Noticed a hornet
  4730 | D:5      | Reached XP level 8. HP: 66/66 MP: 8/8
  4733 | D:5      | Killed a hornet
  4734 | D:5      | Reached skill level 12 in Axes
  4783 | D:5      | Identified the +4 cloak of the Sneaky Artisans {rF- Str+6
                  | Stlth+}
  4947 | D:5      | Found a basalt altar of Yredelemnul.
  5291 | D:6      | Noticed Eustachio
  5301 | D:6      | Killed Eustachio
  5302 | D:6      | Reached skill level 13 in Axes
  5398 | D:6      | Reached skill level 14 in Axes
  5399 | D:6      | Reached *** piety under Trog
  5421 | D:6      | Reached XP level 9. HP: 36/71 MP: 9/9
  5503 | D:6      | Reached skill level 15 in Axes
  5507 | D:6      | Identified the ring "Vanuizae" {rPois rF++ Will+ rCorr
                  | Str-4}
  5525 | D:6      | Found a staircase to the Ecumenical Temple.
  5626 | D:6      | Found a sand-covered staircase.
  5630 | Ossuary  | Entered an ossuary
  5804 | Ossuary  | Reached **** piety under Trog
  5805 | Ossuary  | Reached skill level 16 in Axes
  5825 | Ossuary  | Reached skill level 1 in Shields
  6903 | D:6      | Reached XP level 10. HP: 78/80 MP: 10/10
  7224 | D:7      | Found a broken altar of Ashenzari.
  7519 | D:7      | Reached skill level 5 in Fighting
  7519 | D:7      | Reached skill level 17 in Axes
  7826 | D:7      | Found a shimmering altar of Xom.
  7944 | D:7      | Noticed Menkaure
  7951 | D:7      | Killed Menkaure
  8365 | D:8      | Reached ***** piety under Trog
  8722 | D:8      | Noticed Joseph
  8734 | D:8      | Killed Joseph
  9130 | D:9      | Found Itaplour's Weapon Emporium.
  9132 | D:9      | Found a staircase to the Orcish Mines.
  9134 | D:9      | Found Rutoa's Armour Emporium.
  9288 | D:9      | Bought the +4 kite shield "Jejoiq" {+Blink rPois Int+3} for
                  | 637 gold pieces
  9315 | D:9      | Found a staircase to the Lair.
  9325 | D:9      | Reached XP level 11. HP: 31/92 MP: 11/11
  9675 | D:9      | Reached skill level 5 in Armour
 10097 | D:10     | Entered Level 10 of the Dungeon
 10139 | D:10     | Reached skill level 18 in Axes
 10172 | D:10     | Received a gift from Trog
 10368 | D:10     | Noticed a two-headed ogre
 10377 | D:10     | Killed a two-headed ogre
 10417 | D:10     | Noticed Urug
 10960 | D:10     | Killed Urug
 11497 | Lair:1   | Entered Level 1 of the Lair of Beasts
 11502 | Lair:1   | Reached skill level 10 in Fighting
 11644 | D:11     | Noticed Erolcha
 11653 | D:11     | Killed Erolcha
 11852 | D:11     | Noticed a two-headed ogre
 11858 | D:11     | Killed a two-headed ogre
 12337 | D:11     | Noticed a two-headed ogre
 12343 | D:11     | Killed a two-headed ogre
 12344 | D:11     | Reached XP level 12. HP: 70/110 MP: 12/12
 12699 | D:11     | Reached skill level 5 in Shields
 13126 | D:12     | Reached skill level 19 in Axes
 13737 | D:12     | Received a gift from Trog
 14251 | D:12     | Noticed a centaur warrior
 14261 | D:12     | Killed a centaur warrior
 14335 | D:12     | Noticed a seven-headed hydra
 14341 | D:12     | Killed a four-headed hydra
 14342 | D:12     | Reached skill level 5 in Dodging
 14446 | D:12     | Noticed a two-headed ogre
 14670 | D:12     | Killed a two-headed ogre
 14879 | D:12     | Identified the amulet "Zafraonk" {RegenMP Int+5 Dex-2}
 15191 | Lair:1   | Reached XP level 13. HP: 101/122 MP: 13/13
 16088 | Lair:2   | Found a hole to the Spider Nest.
 16787 | Lair:2   | Found a runed translucent door.
 17416 | Lair:2   | Noticed TheSexyCheese's ghost (journeyman HOFi)
 17425 | Lair:2   | Killed TheSexyCheese's ghost
 17468 | Lair:3   | Reached skill level 15 in Fighting
 17635 | Lair:3   | Noticed Kirke
 17650 | Lair:3   | Killed Kirke
 17720 | Lair:3   | Noticed Gastronok
 18169 | Lair:3   | Killed Gastronok
 18470 | Lair:3   | Noticed Fannar
 18482 | Lair:3   | Killed Fannar
 18653 | Lair:3   | Found a staircase to the Shoals.
 18662 | Lair:3   | Reached skill level 10 in Armour
 19495 | Lair:4   | Found a gate leading to a gauntlet.
 19498 | Lair:4   | Noticed an ice dragon
 19516 | Lair:4   | Killed an ice dragon
 19522 | Gauntlet | Entered a Gauntlet
 19522 | Gauntlet | Found a transporter.
 19522 | Gauntlet | Found a transporter.
 19522 | Gauntlet | Found a transporter.
 19564 | Gauntlet | Found a transporter.
 19776 | Gauntlet | Found a transporter.
 19786 | Gauntlet | Found a transporter.
 19790 | Gauntlet | Found a transporter.
 19800 | Gauntlet | Found a transporter.
 19891 | Gauntlet | Found a transporter.
 19901 | Gauntlet | Found a transporter.
 19905 | Gauntlet | Found a transporter.
 19915 | Gauntlet | Found a transporter.
 20012 | Gauntlet | Reached XP level 14. HP: 136/137 MP: 14/14
 20180 | Gauntlet | Identified the ring of Atheh {+Blink Will+ rCorr Str+6
                  | Slay+3}
 20292 | Gauntlet | Identified the ring "Wyng" {rC+ Str+4 Dex+2}
 20638 | Lair:4   | Identified the +5 shortbow of Toohemos {flame, rPois rF+
                  | rC+ Int+4}
 20645 | Lair:4   | Reached skill level 20 in Axes
 21493 | Lair:4   | Received a gift from Trog
 21762 | Lair:5   | Entered Level 5 of the Lair of Beasts
 23192 | Lair:5   | Noticed a dire elephant
 23192 | Lair:5   | Noticed a dire elephant
 23192 | Lair:5   | Noticed a dire elephant
 23193 | Lair:5   | Noticed a dire elephant
 23203 | Lair:5   | Killed a dire elephant
 23420 | Lair:5   | Found a staircase to the Slime Pits.
 23420 | Lair:5   | Found a viscous altar of Jiyva.
 23577 | Lair:5   | Reached XP level 15. HP: 139/149 MP: 15/15
 23861 | Lair:5   | Reached skill level 21 in Axes
 24081 | Lair:5   | Received a gift from Trog
 25122 | D:9      | Bought a +0 pair of boots of stealth for 149 gold pieces
 25122 | D:9      | Bought a +2 helmet of see invisible for 279 gold pieces
 25145 | Orc:1    | Entered Level 1 of the Orcish Mines
 25556 | Orc:2    | Entered Level 2 of the Orcish Mines
 25558 | Orc:2    | Found a staircase to the Elven Halls.
 25558 | Orc:2    | Noticed an orc warlord
 26147 | Orc:1    | Killed an orc warlord
 27695 | Orc:2    | Found Wytenusy's Antique Weapon Shop.
 27815 | Orc:2    | Found Xouxzon's General Store.
 27879 | Orc:2    | Bought a potion of heal wounds for 55 gold pieces
 27879 | Orc:2    | Bought a potion of curing for 33 gold pieces
 27895 | Orc:2    | Found Kuzylaell's Jewellery Shop.
 28018 | Orc:2    | Found Gityr's Antique Armour Boutique.
 28091 | Orc:2    | Bought the +3 pair of seven-league boots {Rampage+∞} for
                  | 1040 gold pieces
 28091 | Orc:2    | Found the +3 pair of seven-league boots {Rampage+∞}
 28469 | Orc:1    | Found Suime Tao's Antique Armour Shop.
 28614 | Orc:2    | Bought a pair of runed gloves for 195 gold pieces
 29239 | D:13     | Reached ****** piety under Trog
 29359 | D:13     | Noticed Sonja
 29370 | D:13     | Killed Sonja
 29621 | D:13     | Received a gift from Trog
 30014 | D:14     | Reached XP level 16. HP: 159/160 MP: 16/16
 30026 | D:14     | Reached skill level 22 in Axes
 30087 | D:14     | Noticed a sphinx
 30098 | D:14     | Killed a sphinx
 30141 | D:14     | Identified the +0 scale mail of Ignis's Righteous Fury
                  | {Int+3}
 30149 | D:14     | Identified the +0 troll leather armour of Iroxiub {Regen+
                  | Int+3}
 30419 | D:14     | You fall into a shaft and drop 1 floor!
 30419 | D:15     | Entered Level 15 of the Dungeon
 31238 | D:14     | Received a gift from Trog
 31266 | D:14     | Found a gate to the Vaults.
 32118 | D:15     | Reached skill level 10 in Shields
 32743 | D:15     | Found a staircase to the Depths.
 32982 | D:15     | Reached XP level 17. HP: 166/172 MP: 17/17
 33197 | Spider:1 | Entered Level 1 of the Spider Nest
 33212 | Spider:1 | HP: 7/172 [barbs]
 33533 | Spider:1 | Reached skill level 1 in Evocations
 33604 | Spider:1 | Found a frozen archway.
 33633 | IceCv    | Entered an ice cave
 34583 | IceCv    | Identified the +4 battleaxe "Fism" {flame, Dex+4} (Trog
                  | gifted it to you in an ice cave)
 34583 | IceCv    | Received a gift from Trog
 35240 | IceCv    | Reached skill level 5 in Evocations
 35487 | IceCv    | Identified the +7 spear "Widowermaker" {elec, Str+6}
 36195 | Spider:1 | You fall into a shaft and drop 1 floor!
 36246 | Spider:2 | Received a gift from Trog
 36252 | Spider:2 | Noticed Asterion
 37013 | Spider:1 | Paralysed by a hornet for 2 turns
 37472 | Spider:1 | Demolished by a broodmother

Illustrated notes

Levels and vault maps discovered:
D:1:      dpeg_arrival_round_c, layout_basic, minivault_11
D:2:      layout_basic, hellmonk_ecumenical_altar_blasted, uniq_sigmund
D:3:      layout_loops_corners, mainiacjoe_overflow_divided_tiny, uniq_terence
D:4:      layout_basic, minmay_checkerbox, uniq_crazy_yiuf_cottage
D:5:      layout_loops_ring, yredelemnul_forgotten_temple_becter,
          item_on_display_a
D:6:      minmay_chambers_of_threes, layout_loops_corners,
          minmay_temple_entry_stoned_glass, enter_ossuary_5, uniq_eustachio
D:7:      layout_basic, amcnicky_altar_gilded, mainiacjoe_overflow_boulevard,
          palyth_stone_intersect, uniq_menkaure
D:8:      layout_rooms, feat_on_display, uniq_joseph
D:9:      layout_cave_pools, erik_lair_orcish_takeover, orc_david_3
D:10:     layout_long_grid, minmay_increasing_density, uniq_urug
D:11:     layout_stronghold, uniq_erolcha
D:12:     layout_roguey [special_room_bee], grunt_ministairs_7
D:13:     minmay_imperfect_grid, layout_loops_ring, minmay_three_doors,
          uniq_sonja
D:14:     minmay_the_grid_octo_triangle [minmay_the_grid_octo_chip,
          minmay_the_grid_octo_prize_big_c, minmay_the_grid_octo_fat_diamond],
          layout_loops_ring, grunt_vaults_entry_tiered, minmay_misc_feat_x,
          nrook_mini_vaults
D:15:     grunt_enter_depths_hoard, layout_gridville, serial_bayou_pond_a,
          hive_lemuel
Lair:1:   layout_cave_pods
Lair:2:   layout_cave_pods, spider_nest_entry_webs,
          ebering_ghost_reflecting_pool, chequers_serial_rivers_micro_d,
          minivault_25, chequers_serial_rivers_micro_e
Lair:3:   layout_cave_pods, minmay_shoals_entry_centaurs, lemuel_fruit_fields,
          uniq_gastronok, uniq_kirke, uniq_fannar
Lair:4:   layout_concentric_octagons, gauntlet_entry_generic, ice2_lemuel,
          lemuel_fruit_tree, serial_bayou_shore_b
Lair:5:   due_jungle_book, layout_gridlike, slime_entry_1,
          chequers_serial_rivers_micro_a, st_stairs_3
Spider:1: spiders_nest_scorpion_pit, portal_ice_cave_entry_ice_statue_two,
          hellmonk_narrow_tunnel
Spider:2: nicolae_spider_hilbert_zone_7 [nicolae_spider_hilbert_4_sides_1_open,
          nicolae_spider_hilbert_4_sides_1_open,
          nicolae_spider_hilbert_4_sides_1_open,
          nicolae_spider_hilbert_4_sides_1_open,
          nicolae_spider_hilbert_3_sides_1_open,
          nicolae_spider_hilbert_3_sides_1_open,
          nicolae_spider_hilbert_3_sides_1_open,
          nicolae_spider_hilbert_3_sides_1_open,
          nicolae_spider_hilbert_4_sides_1_open,
          nicolae_spider_hilbert_4_sides_1_open,
          nicolae_spider_hilbert_4_sides_1_open,
          nicolae_spider_hilbert_2_sides_1_open,
          nicolae_spider_hilbert_2_sides_1_open,
          nicolae_spider_hilbert_2_sides_1_open,
          nicolae_spider_hilbert_2_sides_1_open,
          nicolae_spider_hilbert_2_sides_1_open,
          nicolae_spider_hilbert_2_sides_1_open], uniq_asterion
Orc:1:    layout_diamond_mine, serial_shops, shop
Orc:2:    grunt_orc_gardens, layout_caves, grunt_orc_garden, grunt_orc_garden,
          grunt_orc_garden, grunt_orc_garden

Skill      XL: |  1  2  3  4  5  6  7  8  9 10 11 12 13 14 15 16 17 |
---------------+----------------------------------------------------+-----
Axes           | 7 8 9 11 14 16 17 18 19 20 21 22 | 22.7
Shields        | 4 5 6 7 8 10 14 | 14.4
Fighting       | 4 7 11 13 16 17 19 20 | 20.6
Dodging        | 2 3 4 5 6 7 |  7.4
Armour         | 4 5 7 10 11 13 | 13.1
Evocations     | 6 |  6.0
Throwing       | |  0.4

Action                   |  1- 3 |  4- 6 |  7- 9 | 10-12 | 13-15 | 16-18 || total
-------------------------+-------+-------+-------+-------+-------+-------++-------
Melee: Hand axe          |    43 |    99 |    49 |       |       |       ||   191
       Punch             |     2 |     1 |     1 |       |       |       ||     4
       War axe           |       |       |   225 |   372 |   573 |     2 ||  1172
       Broad axe         |       |       |       |       |   263 |   782 ||  1045
Throw: Dart              |       |       |       |     2 |       |       ||     2
Invok: Berserk           |     1 |       |     8 |    12 |    15 |    14 ||    50
       Trog's Hand       |       |       |     1 |     3 |     7 |     4 ||    15
       Brothers in Arms  |       |       |       |     1 |     2 |     4 ||     7
 Abil: Evoke Blink       |       |       |       |       |     1 |     2 ||     3
Evoke: Wand              |       |       |       |       |       |     2 ||     2
       Piece from Xom's  |       |       |       |       |       |     5 ||     5
  Use: Scroll            |       |     4 |    15 |    10 |    12 |     5 ||    46
       Potion            |       |       |       |     4 |     3 |     5 ||    12
 Stab: Sleeping          |       |     1 |     4 |     2 |     1 |       ||     8
       Distracted        |       |     1 |       |     2 |     3 |       ||     6
       Invisible         |       |       |     2 |       |       |       ||     2
       Petrified         |       |       |       |       |       |     1 ||     1
Armor: Animal skin       |    11 |       |       |       |       |       ||    11
       Robe              |       |    14 |    64 |       |       |       ||    78
       Acid dragon scale |       |       |       |   120 |   264 |       ||   384
       Plate armour      |       |       |       |       |   129 |   413 ||   542
Dodge: Dodged            |    29 |    53 |   136 |   175 |   374 |   266 ||  1033
Block: Buckler           |       |       |     6 |    61 |   197 |   186 ||   450
